[Event "Titled Tuesday Blitz November 22 Late 2022"]
[White "Bluebaum, Matthias"]
[Black "Kopylov, Alexander A."]
[WhiteFideId "24651516"]
[BlackFideId "4164857"]
[WhiteElo "2633"]
[BlackElo "2436"]
[Result "1-0"]
[Round "04"]
[TimeControl "180+1"]
[Date "2022.11.22"]
[WhiteClock "0:00:12"]
[BlackClock "0:00:08"]

1. d4 Nf6 2. c4 e6 3. Nc3 Bb4 4. e3 O-O 5. Bd2 d5 6. Nf3 c5 7. a3 Bxc3 8. Bxc3 Ne4 9. Rc1 Nxc3 10. Rxc3 cxd4 11. Nxd4 dxc4 12. Bxc4 a6 13. O-O b5 14. Be2 Bb7 15. Bf3 Qb6 16. Bxb7 Qxb7 17. Qc2 Ra7 18. Rc1 e5 19. Nf5 Nd7 20. Ne7+ Kh8 21. Qf5 Nb6 22. Nc6 Raa8 23. Nxe5 Nd5 24. Rc5 f6 25. Rxd5 fxe5 26. Qxe5 Rae8 27. Qd4 Qf7 28. Rc2 Re7 29. h3 h6 30. Rd6 Kg8 31. Rxa6 Rd7 32. Rd6 Rfd8 33. Rxd7 Rxd7 34. Rc8+ Kh7 35. Qe4+ g6 36. Qe8 Qxe8 37. Rxe8 Rd1+ 38. Kh2 Rd2 39. Re7+ Kg8 40. Kg3 Rxb2 41. Rb7 Rb3 42. h4 Kf8 43. Kf3 Rxa3 44. Rxb5 Kf7 45. Rb7+ Kf6 46. Rb6+ Kf7 47. h5 gxh5 48. Rxh6 Ra5 49. e4 Kg7 50. Rb6 Ra2 51. Kg3 Rc2 52. f3 Ra2 53. Kh3 Rc2 54. Rb5 Kg6 55. Ra5 Rb2 56. Ra6+ Kg7 57. Ra3 Rc2 58. g3 Kg6 59. Ra6+ Kg7 60. Ra5 Kg6 61. Ra6+ Kg7 62. Kh4 Rh2+ 63. Kg5 Rh3 64. Rg6+ Kf7 65. Kf5 h4 66. Rh6 Rxg3 67. Kf4 Rh3 68. e5 Rh1 69. Kf5 Kg7 70. Rg6+ Kh7 71. f4 h3 72. Rg3 h2 73. Rg2 Kh6 74. e6 Kh5 75. e7 1-0


[Site "https://www.chess.com"]

[Event "Titled Tuesday Blitz November 22 Late 2022"]
[White "Bobadilla Viera, Jorge Samuel"]
[Black "Martinez Alcantara, Jose Eduardo"]
[WhiteFideId "3906353"]
[BlackFideId "3805662"]
[WhiteElo "2212"]
[BlackElo "2705"]
[Result "0-1"]
[Round "04"]
[TimeControl "180+1"]
[Date "2022.11.22"]
[WhiteClock "0:00:04"]
[BlackClock "0:00:49"]

1. e4 c5 2. Nf3 d6 3. d4 cxd4 4. Nxd4 a6 5. Nc3 e6 6. Be2 b5 7. f4 Bb7 8. Bf3 Nd7 9. a4 b4 10. Nce2 Ngf6 11. Ng3 Qc7 12. O-O e5 13. Nb3 g6 14. f5 Be7 15. Bh6 Rg8 16. fxg6 hxg6 17. Qd2 a5 18. Be3 Nb6 19. Qf2 Nc4 20. Bc1 Qb6 21. Qxb6 Nxb6 22. Nd2 Rc8 23. Bd1 Nfd7 24. Nb3 Nc4 25. Be2 Bd8 26. Bd3 Bb6+ 27. Kh1 Rh8 28. Ne2 Ke7 29. h3 d5 30. Ng3 Nd6 31. Nd2 Nc5 32. exd5 Bxd5 33. Kh2 f5 34. Be2 e4 35. c3 bxc3 36. bxc3 Ne6 37. Ba3 Rxc3 38. Bb2 Bd4 39. Bxc3 Bxc3 40. Rad1 Be5 41. Ba6 Ra8 42. Be2 Rc8 43. Rc1 Rb8 44. Rb1 Rd8 45. Rb6 Rc8 46. Nb3 Rc3 47. Nxa5 Bxg3+ 48. Kh1 Be5 49. Bb5 e3 50. Re1 f4 51. Nc6+ Kf6 52. Nxe5 Kxe5 53. Bd7 Nc5 54. Bg4 Nxa4 55. Rb4 Nc5 56. Kg1 Nd3 0-1


[Site "https://www.chess.com"]

[Event "Titled Tuesday Blitz November 22 Late 2022"]
[White "Bobkov, Vadim"]
[Black "Kollars, Dmitrij"]
[WhiteFideId "34110876"]
[BlackFideId "12909572"]
[WhiteElo "2172"]
[BlackElo "2584"]
[Result "0-1"]
[Round "04"]
[TimeControl "180+1"]
[Date "2022.11.22"]
[WhiteClock "0:00:01"]
[BlackClock "0:00:21"]

1. d4 Nf6 2. c4 e6 3. Nc3 d5 4. cxd5 exd5 5. Bg5 Bb4 6. e3 h6 7. Bh4 g5 8. Bg3 h5 9. a3 Bxc3+ 10. bxc3 h4 11. Be5 Nbd7 12. Nf3 g4 13. Bxf6 Qxf6 14. Nd2 Qg5 15. c4 Nf6 16. Rb1 O-O 17. Bd3 b6 18. O-O dxc4 19. Nxc4 Bb7 20. Ne5 c5 21. f4 gxf3 22. Rxf3 Bxf3 23. Qxf3 Kg7 24. Rf1 Rad8 25. Qe2 cxd4 26. exd4 Rxd4 27. Nf3 Qg4 28. Nxd4 Qxd4+ 29. Kh1 Re8 30. Qc2 Re3 31. Bf5 Rxa3 32. h3 Ra1 33. Qe2 Rxf1+ 34. Qxf1 a5 35. Qb5 Qc5 36. Qd3 a4 37. Be4 Qc1+ 38. Kh2 Qf4+ 0-1


[Site "https://www.chess.com"]

[Event "Titled Tuesday Blitz November 22 Late 2022"]
[White "Bortnyk, Olexandr"]
[Black "Kamsky, Gata"]
[WhiteFideId "14120828"]
[BlackFideId "2000024"]
[WhiteElo "2723"]
[BlackElo "2666"]
[Result "1-0"]
[Round "04"]
[TimeControl "180+1"]
[Date "2022.11.22"]
[WhiteClock "0:00:21"]
[BlackClock "0:00:50"]

1. e4 c6 2. d4 d5 3. Nc3 g6 4. Bf4 Bg7 5. Qd2 dxe4 6. Nxe4 Qxd4 7. Qxd4 Bxd4 8. O-O-O Bg7 9. Re1 Nd7 10. Bc4 Kf8 11. Nf3 Ngf6 12. Nxf6 Nxf6 13. Be5 e6 14. Bd6+ Kg8 15. Bb3 b5 16. Ne5 Bb7 17. Nxf7 Nd5 18. Nxh8 1-0


[Site "https://www.chess.com"]

[Event "Titled Tuesday Blitz November 22 Late 2022"]
[White "Brown, Andrew"]
[Black "Tomaszewski, Kacper"]
[WhiteFideId "3206513"]
[BlackFideId "1127373"]
[WhiteElo "2245"]
[BlackElo "2211"]
[Result "1/2-1/2"]
[Round "04"]
[TimeControl "180+1"]
[Date "2022.11.23"]
[WhiteClock "0:00:05"]
[BlackClock "0:00:04"]

1. d4 d6 2. c4 e5 3. dxe5 dxe5 4. Qxd8+ Kxd8 5. Nc3 c6 6. e4 Kc7 7. f4 Bd6 8. Nf3 Nd7 9. g3 Ngf6 10. Bd3 Re8 11. f5 Nc5 12. Bc2 a5 13. Be3 Na6 14. O-O-O Bc5 15. Rhe1 Ng4 16. Bxc5 Nxc5 17. h3 Nf6 18. g4 Bd7 19. b3 Rad8 20. Kb2 Bc8 21. a3 Rxd1 22. Rxd1 Ncd7 23. b4 axb4 24. axb4 Nb6 25. Bb3 Re7 26. c5 Nbd7 27. Ng5 h5 28. gxh5 Nxh5 29. Nxf7 Nf4 30. h4 Nf6 31. Nd6 Ng2 32. Na4 Nxh4 33. Nb6 Bd7 34. Ra1 g6 35. Ra8 gxf5 36. Rh8 Ne8 37. Rxh4 Nxd6 38. Na8+ Kb8 39. cxd6 Rg7 40. Nb6 fxe4 41. Rxe4 Ka7 42. Nxd7 Rxd7 43. Rxe5 Rxd6 44. Kc3 Rh6 45. Bc4 Kb6 46. Bd3 Rh3 47. Kd4 Rh4+ 48. Be4 Rf4 49. Re7 Rh4 50. Ke5 Rh5+ 51. Kd4 Rh4 52. Kd3 Rh2 53. Kc4 Rh3 54. Re6 Rh5 55. Kc3 Rg5 56. Kb3 Rg3+ 57. Ka4 Re3 58. b5 Rc3 59. Kb4 Rc1 60. Kb3 Kxb5 61. Kb2 Rc5 62. Re7 Kb6 63. Bd3 Rg5 64. Kc3 Rg3 65. Kd4 Rg4+ 66. Be4 Rg1 67. Ke5 Rc1 68. Bf5 Re1+ 69. Be4 Kc5 70. Rxb7 Kc4 71. Rc7 c5 72. Kf4 Kb4 73. Kf3 c4 74. Bd5 c3 75. Rc4+ Kb5 76. Rxc3 Rh1 77. Be4 Rh3+ 78. Kf4 Rxc3 79. Kg5 Kb4 80. Bg6 Rc5+ 81. Kh6 Kc3 82. Kg7 Kd4 83. Kh8 Re5 84. Bh7 Ke3 85. Bg8 Kf4 86. Bh7 Kg5 87. Bg8 Kf6 88. Bh7 Re8+ 89. Bg8 Rd8 90. Kh7 Rd7+ 91. Kh8 Rd2 92. Bh7 Kg5 93. Kg7 Rd7+ 94. Kh8 Kh6 95. Bg8 Rg7 96. Bd5 Rg5 97. Bg8 Re5 98. Bf7 Re7 99. Bg8 Rd7 100. Be6 Rh7+ 101. Kg8 Re7 102. Bf7 Ra7 103. Kf8 Kg5 104. Kg8 Kf6 105. Bd5 Rd7 106. Bc4 Rd8+ 107. Kh7 Rd4 108. Bb3 Rb4 109. Bd5 Rb5 110. Bc4 Rb7+ 111. Kh8 Rg7 112. Bg8 Rg5 113. Bh7 Rh5 114. Kg8 Rh1 115. Bd3 Rd1 116. Bc4 Rd8+ 117. Kh7 Rf8 118. Bb3 Kg5 119. Kg7 Rf6 120. Kh7 Rb6 121. Bc4 Rb7+ 122. Kh8 Kg6 123. Bd3+ Kf6 124. Bc4 Rc7 125. Bd5 Rc8+ 126. Kh7 Rd8 127. Bc4 1/2-1/2


[Site "https://www.chess.com"]

[Event "Titled Tuesday Blitz November 22 Late 2022"]
[White "Caruana, Fabiano"]
[Black "Rosen, Eric"]
[WhiteFideId "2020009"]
[BlackFideId "2032562"]
[WhiteElo "2847"]
[BlackElo "2362"]
[Result "1-0"]
[Round "04"]
[TimeControl "180+1"]
[Date "2022.11.22"]
[WhiteClock "0:01:47"]
[BlackClock "0:00:01"]

1. e4 c5 2. Nf3 d6 3. Bb5+ Bd7 4. a4 Nf6 5. Nc3 g6 6. O-O Bg7 7. d4 cxd4 8. Nxd4 O-O 9. h3 a6 10. Be2 Nc6 11. Be3 Rc8 12. Qd2 Nxd4 13. Bxd4 Bc6 14. Qe3 Nd7 15. Bxg7 Kxg7 16. a5 Nc5 17. Rfd1 Qc7 18. Nd5 Bxd5 19. exd5 Rfe8 20. b4 Nd7 21. c4 Nf6 22. Qd4 h5 23. Rac1 Qd7 24. c5 Red8 25. c6 bxc6 26. Bxa6 Rc7 27. dxc6 Rxc6 28. Bb5 Rxc1 29. Bxd7 Rxd1+ 30. Qxd1 Rxd7 31. b5 d5 32. b6 d4 33. a6 Ne8 34. b7 Rd8 35. a7 Nc7 36. b8=Q Rd7 37. Qb7 Rd6 38. Qxc7 d3 39. Qxd6 d2 40. Qe5+ 1-0


[Site "https://www.chess.com"]

[Event "Titled Tuesday Blitz November 22 Late 2022"]
[White "Castillo Pena, Patricia Evarista"]
[Black "Sztokbant, Bernardo Vainzoff"]
[WhiteFideId "6412106"]
[BlackFideId "2115956"]
[WhiteElo "1919"]
[BlackElo "2228"]
[Result "0-1"]
[Round "04"]
[TimeControl "180+1"]
[Date "2022.11.23"]
[WhiteClock "0:00:13"]
[BlackClock "0:02:10"]

1. d4 Nf6 2. Nf3 e6 3. e3 b6 4. Bd3 Bb7 5. Nbd2 d5 6. b3 Bd6 7. Bb2 Nbd7 8. O-O O-O 9. Qe2 c5 10. Ne5 Rc8 11. c4 dxc4 12. bxc4 cxd4 13. exd4 Qe7 14. Rfd1 Rfd8 15. Rac1 Rc7 16. f4 Ba3 17. Bxa3 Qxa3 18. Bb1 Nf8 19. Ndf3 Bxf3 20. Qxf3 Qxf3 21. Nxf3 Rdc8 22. Bd3 Ng6 23. g3 Nd5 24. Kf2 Nb4 25. Bb1 Rxc4 26. Rxc4 Rxc4 27. a3 Nd5 28. Bd3 Rc3 29. Be4 Nge7 30. Ne5 f6 31. Nd3 Rxa3 32. Rc1 Rc3 33. Bxd5 Nxd5 34. Rxc3 Nxc3 35. Ke3 Kf7 36. g4 Ke7 37. Nb4 Nd5+ 38. Nxd5+ exd5 39. Kd3 Kd6 40. Kc3 Kc6 41. Kb4 a5+ 42. Ka4 g6 43. h4 Kd6 44. Kb5 Ke6 45. Ka4 h5 46. f5+ gxf5 47. gxh5 Kf7 48. Kb5 f4 49. Kc6 a4 50. Kxd5 a3 51. Kd6 f3 52. d5 f2 0-1


[Site "https://www.chess.com"]

[Event "Titled Tuesday Blitz November 22 Late 2022"]
[White "Chigaev, Maksim"]
[Black "Cardoso Cardoso, Jose Gabriel"]
[WhiteFideId "4108116"]
[BlackFideId "4430492"]
[WhiteElo "2541"]
[BlackElo "2484"]
[Result "1-0"]
[Round "04"]
[TimeControl "180+1"]
[Date "2022.11.22"]
[WhiteClock "0:00:14"]
[BlackClock "0:00:01"]

1. c4 e6 2. g3 d5 3. Bg2 Nf6 4. Nf3 Be7 5. O-O d4 6. e3 Nc6 7. exd4 Nxd4 8. Nc3 O-O 9. d3 c5 10. Nxd4 cxd4 11. Na4 e5 12. Re1 Qc7 13. Bg5 h6 14. Bxf6 Bxf6 15. b4 Bd7 16. Nc5 Bc6 17. Bxc6 Qxc6 18. Qa4 Qf3 19. Rad1 b6 20. Ne4 Be7 21. Qb3 Rac8 22. a3 Kh7 23. Qc2 Qh5 24. Qa4 Rc7 25. Nd2 Bd6 26. Qa6 Rd8 27. c5 bxc5 28. Nc4 Qg6 29. b5 Bf8 30. Qxg6+ fxg6 31. Rxe5 Rb8 32. a4 a6 33. b6 Rc6 34. a5 Rbc8 35. Rde1 g5 36. Re8 Kg6 37. b7 Rxe8 38. Rxe8 1-0


[Site "https://www.chess.com"]

[Event "Titled Tuesday Blitz November 22 Late 2022"]
[White "Clawitter, Craig"]
[Black "Lewtak, Damian"]
[WhiteFideId "2023105"]
[BlackFideId "1141724"]
[WhiteElo "2255"]
[BlackElo "2329"]
[Result "0-1"]
[Round "04"]
[TimeControl "180+1"]
[Date "2022.11.23"]
[WhiteClock "0:00:10"]
[BlackClock "0:00:52"]

1. e4 c5 2. Nf3 d6 3. d4 cxd4 4. Nxd4 Nf6 5. Nc3 Nc6 6. Bc4 Qb6 7. Nb3 e6 8. Bf4 Ne5 9. Be2 Bd7 10. Be3 Qc7 11. f4 Nc4 12. Bxc4 Qxc4 13. Qf3 d5 14. Bd4 Bb4 15. exd5 Nxd5 16. O-O-O Bxc3 17. Bxc3 Nxc3 18. Qxc3 Qxc3 19. bxc3 Bc6 20. Rd2 Rd8 21. Rxd8+ Kxd8 22. Rd1+ Ke7 23. g3 h5 24. Na5 h4 25. Nxc6+ bxc6 26. g4 h3 27. Rd3 Rh4 28. Rg3 Kf6 29. Kd2 g5 30. Ke3 gxf4+ 31. Kxf4 Kg6 32. Ke5 Kg5 33. Kd6 Rxg4 34. Rxg4+ Kxg4 35. Kxc6 f5 36. Kd6 f4 37. c4 f3 38. c5 f2 39. c6 f1=Q 40. c7 Qd1+ 41. Kxe6 Qxc2 42. Kd7 Qd3+ 43. Kc6 Qc4+ 44. Kb7 Qb5+ 45. Kxa7 Qc6 46. Kb8 Qb6+ 47. Kc8 Kf5 48. a4 Ke6 49. a5 Qxa5 50. Kb7 Qb5+ 51. Ka8 Qa4+ 52. Kb8 Qb3+ 53. Ka7 Qa2+ 54. Kb7 Qb2+ 55. Ka7 Kd7 56. c8=Q+ Kxc8 57. Ka8 Qa2# 0-1


[Site "https://www.chess.com"]

[Event "Titled Tuesday Blitz November 22 Late 2022"]
[White "Czopor, Maciej"]
[Black "Svane, Rasmus"]
[WhiteFideId "21805431"]
[BlackFideId "4657101"]
[WhiteElo "2324"]
[BlackElo "2674"]
[Result "0-1"]
[Round "04"]
[TimeControl "180+1"]
[Date "2022.11.22"]
[WhiteClock "0:00:03"]
[BlackClock "0:00:39"]

1. b3 d5 2. Bb2 Bf5 3. Nf3 h6 4. e3 e6 5. g3 Nf6 6. Bg2 Be7 7. O-O O-O 8. d3 a5 9. a3 Re8 10. Nbd2 Bh7 11. Qe2 c5 12. e4 Nc6 13. Rfe1 a4 14. Ne5 axb3 15. cxb3 Qc7 16. f4 Qb6 17. Kh1 Nd4 18. Bxd4 cxd4 19. b4 Bf8 20. g4 Bd6 21. Nec4 dxc4 22. Nxc4 Qd8 23. Nxd6 Qxd6 24. e5 Qe7 25. exf6 Qxf6 26. Qe5 Ra7 27. Qxf6 gxf6 28. Be4 Rea8 29. Bxh7+ Kxh7 30. Re4 Rxa3 31. Rxa3 Rxa3 32. Rxd4 Kg6 33. Kg2 Ra2+ 34. Kg3 Rd2 35. Rd7 b5 36. h4 h5 37. f5+ exf5 38. gxh5+ Kxh5 39. Rxf7 Rxd3+ 40. Kf4 Kg6 41. Rb7 Rd4+ 42. Kf3 Rxb4 43. Rb8 Rb1 44. Kf4 b4 45. h5+ Kxh5 46. Kxf5 Rf1+ 47. Ke6 Rf4 48. Rh8+ Kg4 49. Rg8+ Kf3 50. Rb8 Ke3 51. Kd5 Kd3 0-1


[Site "https://www.chess.com"]

[Event "Titled Tuesday Blitz November 22 Late 2022"]
[White "Daggupati, Balaji"]
[Black "Kulkarni, Rakesh"]
[WhiteFideId "2090759"]
[BlackFideId "5037077"]
[WhiteElo "2681"]
[BlackElo "2246"]
[Result "1-0"]
[Round "04"]
[TimeControl "180+1"]
[Date "2022.11.23"]
[WhiteClock "0:00:21"]
[BlackClock "0:00:02"]

1. e4 d5 2. exd5 c6 3. dxc6 Nxc6 4. Nf3 e5 5. Nc3 Nf6 6. d3 Bg4 7. Be2 Bc5 8. O-O O-O 9. h3 Bh5 10. Bg5 h6 11. Bh4 Rc8 12. Nxe5 Bxe2 13. Qxe2 Nxe5 14. Qxe5 Bd4 15. Bxf6 Bxe5 16. Bxd8 Rfxd8 17. Rab1 b6 18. Rfc1 Bxc3 19. bxc3 Rxc3 20. Kf1 Rdc8 21. Rb2 Rxd3 22. cxd3 Rxc1+ 23. Ke2 Kf8 24. Kd2 Rg1 25. g3 g5 26. Rc2 Ra1 27. Ke3 Kg7 28. Ke4 Kg6 29. d4 Kf6 30. Kd5 h5 31. Kc6 Ke7 32. Kc7 Ke6 33. Kc6 Ke7 34. Re2+ Kd8 35. d5 h4 36. gxh4 gxh4 37. Kd6 b5 38. Re7 Rxa2 39. Rxf7 Ra6+ 40. Ke5 b4 41. d6 Ra1 42. Rb7 a5 43. f4 Re1+ 44. Kf6 Rd1 45. Ke6 Re1+ 46. Kd5 Rd1+ 47. Kc6 Rc1+ 48. Kb5 Rf1 49. Kxa5 Rxf4 50. Rxb4 Rf3 51. Rxh4 Kd7 52. Rh6 Rb3 53. Ka4 Rb1 54. h4 Rb6 55. h5 Rb1 56. Rg6 Ra1+ 57. Kb4 Rh1 58. h6 Rh5 59. Kc4 Kc6 60. Kd4 Kd7 61. Ke4 Rh1 62. Kf4 Kc6 63. Kf5 Kd7 64. Kf6 1-0


[Site "https://www.chess.com"]

[Event "Titled Tuesday Blitz November 22 Late 2022"]
[White "Djordjevic, Vuk"]
[Black "Milchev, Nikolay"]
[WhiteFideId "902098"]
[BlackFideId "2906090"]
[WhiteElo "2456"]
[BlackElo "2449"]
[Result "0-1"]
[Round "04"]
[TimeControl "180+1"]
[Date "2022.11.23"]
[WhiteClock "0:00:03"]
[BlackClock "0:01:11"]

1. d4 Nf6 2. Bg5 c5 3. Bxf6 gxf6 4. dxc5 Qa5+ 5. c3 Qxc5 6. g3 d5 7. Bg2 e6 8. Nf3 Nc6 9. O-O Be7 10. b4 Qd6 11. Nbd2 b6 12. e4 dxe4 13. Nxe4 Qxd1 14. Rfxd1 f5 15. Nd6+ Bxd6 16. Rxd6 Bb7 17. Rad1 Ne7 18. Rd7 Bd5 19. Rc7 Rc8 20. Rxc8+ Nxc8 21. Ne5 Ne7 22. Bxd5 Nxd5 23. Nc6 O-O 24. c4 Nc3 25. Rd7 a5 26. bxa5 bxa5 27. Nxa5 Nxa2 28. c5 Rc8 29. Rd2 Nb4 30. Nb3 Kf8 31. Rd4 Nd5 32. Rh4 Rb8 33. Nd4 Rb1+ 34. Kg2 Rc1 35. Rxh7 Rxc5 36. Rh8+ Kg7 37. Ra8 Rc4 38. Nf3 f4 39. g4 f6 40. Ra2 e5 41. Rd2 Ne7 42. Rd7 Kf7 43. Nd2 Rb4 44. f3 Ke6 45. Rd3 f5 46. gxf5+ Nxf5 47. Ne4 Rb2+ 48. Kg1 Nd4 49. h4 Re2 50. Kf1 Rh2 51. Nf2 Rxh4 52. Kg2 Rh8 53. Ra3 Rg8+ 54. Kf1 Rg3 55. Ra6+ Kf5 56. Ra8 Rxf3 57. Kg2 Re3 58. Rf8+ Ke6 59. Re8+ Kd7 60. Rh8 e4 61. Ng4 Re2+ 62. Kf1 f3 63. Rh4 Ke6 64. Nf2 Kd5 65. Rh5+ Ke6 66. Rh4 Kf5 67. Rh5+ Kf4 68. Rh4+ Ke5 69. Rh5+ Nf5 70. Ng4+ Kf4 71. Nf2 Ng3+ 72. Kg1 Nxh5 73. Nh3+ Kg3 74. Nf2 Re1# 0-1


[Site "https://www.chess.com"]

[Event "Titled Tuesday Blitz November 22 Late 2022"]
[White "Dudzinski, Pawel"]
[Black "Torres Dominguez, David"]
[WhiteFideId "1117890"]
[BlackFideId "2220857"]
[WhiteElo "2086"]
[BlackElo "2037"]
[Result "1-0"]
[Round "04"]
[TimeControl "180+1"]
[Date "2022.11.23"]
[WhiteClock "0:00:13"]
[BlackClock "0:00:01"]

1. e4 Nc6 2. Nc3 e5 3. g3 Bc5 4. Bg2 h5 5. h3 Nf6 6. Nge2 d6 7. Na4 Be6 8. f4 exf4 9. Nxc5 dxc5 10. Nxf4 Qd7 11. d3 O-O-O 12. Be3 b6 13. O-O Ne8 14. Nxe6 Qxe6 15. Qf3 Ne5 16. Qf5 Qxf5 17. exf5 Nd6 18. f6 g6 19. Bf4 Rde8 20. Rae1 Nd7 21. Re7 Rxe7 22. fxe7 Re8 23. Bxd6 cxd6 24. Rxf7 Ne5 25. Rf6 Kd7 26. Be4 Kxe7 27. Rf2 Rf8 28. Re2 Kd7 29. Kg2 Rf6 30. Bd5 g5 31. Re3 Ng6 32. Be4 Ne5 33. c3 b5 34. d4 Nc4 35. Re2 cxd4 36. b3 d3 37. Bxd3 Ne5 38. Bxb5+ Kc7 39. Rf2 Rxf2+ 40. Kxf2 Kb6 41. Be2 h4 42. gxh4 gxh4 43. Ke3 Kc5 44. Kf4 Kd5 45. Kg5 Ke4 46. Kxh4 Kf4 47. Kh5 Kg3 48. h4 Kf2 49. Bb5 1-0


[Site "https://www.chess.com"]

[Event "Titled Tuesday Blitz November 22 Late 2022"]
[White "Dylag, Emilia"]
[Black "Oparin, Grigoriy"]
[WhiteFideId "21805172"]
[BlackFideId "24125890"]
[WhiteElo "1878"]
[BlackElo "2639"]
[Result "1/2-1/2"]
[Round "04"]
[TimeControl "180+1"]
[Date "2022.11.23"]
[WhiteClock "0:01:25"]
[BlackClock "0:01:32"]

1. d4 Nf6 2. c4 e6 3. g3 d5 4. Bg2 Bb4+ 5. Nd2 a5 6. Nf3 O-O 7. O-O a4 8. Qc2 Nc6 9. Rd1 Bd7 10. e3 Re8 11. Ne5 Bf8 12. Rb1 Nb4 13. Qc3 Nxa2 14. Qd3 Nb4 15. Qe2 Ra5 16. e4 dxe4 17. Nxe4 Nxe4 18. Bxe4 Nc6 19. Bxh7+ Kxh7 20. Qh5+ Kg8 21. Qxf7+ Kh7 22. Qh5+ Kg8 23. Qf7+ Kh7 24. Qh5+ Kg8 25. Qf7+ 1/2-1/2


[Site "https://www.chess.com"]

[Event "Titled Tuesday Blitz November 22 Late 2022"]
[White "Fedoseev, Vladimir"]
[Black "Rustemov, Alexander"]
[WhiteFideId "24130737"]
[BlackFideId "4119002"]
[WhiteElo "2726"]
[BlackElo "2872"]
[Result "1/2-1/2"]
[Round "04"]
[TimeControl "180+1"]
[Date "2022.11.22"]
[WhiteClock "0:00:10"]
[BlackClock "0:00:27"]

1. b3 d5 2. Bb2 Nf6 3. e3 Bf5 4. Be2 h6 5. f4 e6 6. Nf3 Be7 7. O-O O-O 8. c4 c6 9. Nc3 Nbd7 10. cxd5 exd5 11. Ne5 Bh7 12. Bf3 Re8 13. a3 Bd6 14. d4 Ne4 15. Nxe4 Bxe4 16. Bxe4 dxe4 17. Qh5 Qe7 18. Ng4 Nf6 19. Nxf6+ Qxf6 20. Rf2 Qg6 21. Qxg6 fxg6 22. a4 Rad8 23. Rc2 a6 24. Ba3 Bb8 25. Bc5 Bc7 26. h4 Rd5 27. g3 g5 28. hxg5 hxg5 29. Rh2 Kf7 30. Kf2 b6 31. Bb4 c5 32. Rc1 Bd6 33. Bc3 cxd4 34. Bxd4 gxf4 35. gxf4 Bxf4 36. Rh4 Bg5 37. Rc7+ Re7 38. Rxe7+ Bxe7 39. Rf4+ Kg8 40. Rxe4 Bc5 41. Bxc5 Rxc5 42. Re6 Rf5+ 43. Kg3 Rf6 44. Rxf6 gxf6 45. Kf4 Kf7 46. Kf5 a5 47. e4 Ke7 48. Kg4 Ke6 49. Kf4 Kd6 50. Kf5 Ke7 51. Kf4 Ke6 52. Kf3 f5 53. Kf4 fxe4 54. Kxe4 Kd6 55. Kd4 Kc6 56. Kc4 b5+ 57. axb5+ Kb6 58. Kc3 Kxb5 59. Kb2 a4 60. bxa4+ Kxa4 1/2-1/2


[Site "https://www.chess.com"]

[Event "Titled Tuesday Blitz November 22 Late 2022"]
[White "Fernandez Guillen, Ernesto J."]
[Black "Aguilar, Juan"]
[WhiteFideId "3512428"]
[BlackFideId "3800091"]
[WhiteElo "2450"]
[BlackElo "2494"]
[Result "1-0"]
[Round "04"]
[TimeControl "180+1"]
[Date "2022.11.23"]
[WhiteClock "0:00:05"]
[BlackClock "0:00:02"]

1. e4 c5 2. Nf3 d6 3. d4 cxd4 4. Nxd4 Nf6 5. Nc3 a6 6. Bc4 e6 7. Bb3 b5 8. f3 Be7 9. Be3 O-O 10. Qd2 Bd7 11. g4 Nc6 12. g5 Nxd4 13. Qxd4 Nh5 14. Qd2 b4 15. Ne2 a5 16. Ng3 Nxg3 17. hxg3 a4 18. Bc4 Rc8 19. Bd3 a3 20. O-O-O axb2+ 21. Kb1 Qa5 22. Rxh7 Ra8 23. Bc4 Kxh7 24. Rh1+ Kg6 25. e5 Qxe5 26. Bd3+ f5 27. gxf6+ Kxf6 28. f4 Qd5 29. Bd4+ Qxd4 30. f5 Qd5 31. Rh6+ Kf7 32. fxe6+ Bxe6 33. Bg6+ Kg8 34. Rh8+ Kxh8 35. Qh2+ Bh4 36. Qxh4+ Kg8 37. Qh7# 1-0


[Site "https://www.chess.com"]

[Event "Titled Tuesday Blitz November 22 Late 2022"]
[White "Ferreira, Vitor Hugo Vieira"]
[Black "Ghazarian, Kirk"]
[WhiteFideId "2119765"]
[BlackFideId "30908604"]
[WhiteElo "2168"]
[BlackElo "2346"]
[Result "0-1"]
[Round "04"]
[TimeControl "180+1"]
[Date "2022.11.23"]
[WhiteClock "0:00:05"]
[BlackClock "0:00:34"]

1. e4 c5 2. Nf3 Nf6 3. Nc3 e6 4. d4 cxd4 5. Nxd4 d6 6. g4 h6 7. h3 Nc6 8. Bg2 Be7 9. Be3 O-O 10. Qe2 Bd7 11. O-O-O Nxd4 12. Bxd4 Qc7 13. Kb1 a6 14. f4 Rac8 15. e5 Ne8 16. f5 d5 17. Rhf1 Bh4 18. f6 g6 19. Bf2 Bxf2 20. Rxf2 b5 21. a3 a5 22. Qe3 b4 23. Nxd5 exd5 24. Bxd5 Kh7 25. axb4 axb4 26. Bxf7 Rxf7 27. e6 Bxe6 28. Qxe6 Ra8 29. Rfd2 Qa7 30. Qxf7+ Qxf7 31. Rd7 Kg8 32. Rxf7 Kxf7 33. Rd4 Rb8 34. Rd7+ Kxf6 35. Rh7 Kg5 36. Ka2 Nf6 37. Re7 Kh4 38. Re6 Rf8 39. Kb3 Kxh3 40. Kxb4 Kxg4 41. c4 h5 42. c5 h4 43. c6 h3 44. Kc5 h2 45. Re1 Kg3 46. b4 Kg2 47. b5 Ne4+ 48. Kd4 Rf1 49. Re2+ Rf2 50. Rxf2+ Kxf2 51. c7 Nd6 52. c8=Q Nxc8 53. b6 h1=Q 54. b7 Qxb7 0-1


[Site "https://www.chess.com"]

[Event "Titled Tuesday Blitz November 22 Late 2022"]
[White "Figorito, Nick"]
[Black "Besedes, Danilo"]
[WhiteFideId "30923689"]
[BlackFideId "946796"]
[WhiteElo "2279"]
[BlackElo "2352"]
[Result "1-0"]
[Round "04"]
[TimeControl "180+1"]
[Date "2022.11.23"]
[WhiteClock "0:00:29"]
[BlackClock "0:00:16"]

1. Nf3 d6 2. g3 Bg4 3. Bg2 Nc6 4. O-O e5 5. c4 Qd7 6. Nc3 h5 7. h4 Bh3 8. d3 O-O-O 9. Rb1 Bxg2 10. Kxg2 f5 11. Bg5 Be7 12. b4 Bxg5 13. Nxg5 f4 14. b5 Nd4 15. e3 Ne6 16. exf4 exf4 17. Nxe6 Qxe6 18. Qe2 Qg6 19. Nd5 Kb8 20. Rbe1 Nh6 21. Nxf4 Qf7 22. Qxh5 Qf6 23. Qg6 Qc3 24. Nd5 Qd4 25. Qe4 Qc5 26. Qe7 Nf5 27. Qg5 Rdf8 28. Ne7 g6 29. Nxg6 Rfg8 30. Nxh8 Nxh4+ 31. Qxh4 1-0


[Site "https://www.chess.com"]

[Event "Titled Tuesday Blitz November 22 Late 2022"]
[White "Filgueira, Hernan"]
[Black "Paravyan, David"]
[WhiteFideId "101770"]
[BlackFideId "4194985"]
[WhiteElo "2363"]
[BlackElo "2546"]
[Result "1/2-1/2"]
[Round "04"]
[TimeControl "180+1"]
[Date "2022.11.22"]
[WhiteClock "0:00:15"]
[BlackClock "0:00:04"]

1. e4 e5 2. Nf3 Nf6 3. Nc3 Nc6 4. d4 exd4 5. Nxd4 Nxe4 6. Nxe4 Qe7 7. Nb5 Qxe4+ 8. Be2 Bb4+ 9. c3 Ba5 10. O-O O-O 11. Bf3 Qh4 12. g3 Qf6 13. a4 a6 14. Na3 d5 15. Bf4 Be6 16. Re1 Rad8 17. b4 Bb6 18. a5 Ba7 19. b5 axb5 20. Nxb5 Bc5 21. Bxc7 Rd7 22. Bb6 Bxb6 23. axb6 d4 24. Nxd4 Nxd4 25. cxd4 Rxd4 26. Qe2 Bc4 27. Qe3 Rd3 28. Qc5 Ba6 29. Rxa6 bxa6 30. b7 Qd6 31. Qxd6 Rxd6 32. Bg4 Rb6 33. Bc8 Rd8 34. Ra1 g6 35. Kg2 h5 36. Ra2 Kh7 37. h4 Kg8 38. Kg1 Kh7 39. Kg2 Kg8 40. Kg1 Rf8 41. Kg2 Re8 42. Kg1 Rd8 43. Kg2 Kh7 44. Kg1 Kg8 45. Kg2 Kf8 46. Kg1 Kg7 47. Kg2 Kh7 48. Kg1 Kh6 49. Kg2 Kh7 1/2-1/2


[Site "https://www.chess.com"]

[Event "Titled Tuesday Blitz November 22 Late 2022"]
[White "Firouzja, Alireza"]
[Black "Zhigalko, Sergei"]
[WhiteFideId "12573981"]
[BlackFideId "13502956"]
[WhiteElo "2903"]
[BlackElo "2662"]
[Result "1-0"]
[Round "04"]
[TimeControl "180+1"]
[Date "2022.11.22"]
[WhiteClock "0:00:55"]
[BlackClock "0:00:07"]

1. d4 Nf6 2. Bg5 d5 3. e3 c5 4. Bxf6 gxf6 5. dxc5 e6 6. c4 dxc4 7. Nd2 c3 8. bxc3 Bxc5 9. Qh5 Nd7 10. Ngf3 Qa5 11. Rb1 Qxc3 12. Bb5 Be7 13. O-O f5 14. Rfc1 Qg7 15. Nd4 O-O 16. Bxd7 Bxd7 17. Rxb7 Rfd8 18. Rcc7 Bc8 19. Rxe7 Bxb7 20. Rxb7 Rab8 21. Rxb8 Rxb8 22. g3 Rb2 23. N2f3 Qg4 24. Qh6 Rxa2 25. Qf6 Qh3 26. Nxe6 1-0


[Site "https://www.chess.com"]